 Dungeon Crawl Stone Soup version 0.18-a0-822-gb52b7b4 (webtiles) character file.

1374 4thArraOfDagon the Cleaver (level 8, -3/73 HPs)
             Began as a Hill Orc Berserker on Dec 16, 2015.
             Was a Priest of Trog.
             Slain by a brown ugly thing (6 damage)
             ... on level 12 of the Dungeon.
             The game lasted 00:09:13 (1470 turns).

4thArraOfDagon the Cleaver (Hill Orc Berserker)     Turns: 1470, Time: 00:09:13

Health: -3/73      AC:  9    Str: 20    XL:     8   Next: 66%
Magic:  8/8        EV:  8    Int:  9    God:    Trog [***...]
Gold:   204        SH:  0    Dex: 10    Spells: 0 memorised, 7 levels left

rFire  + . .     SeeInvis .     a - +0 hand axe
rCold  + . .     Gourm    +     i - +0 chain mail
rNeg   . . .     Faith    .     (no shield)
rPois  +         Spirit   .     r - +0 helmet
rElec  +         Dismiss  .     z - +1 cloak
rCorr  +         Reflect  .     (no gloves)
SustAt .         Harm     .     (no boots)
MR     .....                    m - amulet of the gourmand
Stlth  ..........               (no ring)
                                (no ring)

@: exhausted, resistant, corroded equipment, flying, invisible, not resistant to
hostile enchantments, extremely unstealthy
A: no striking features
a: Berserk, Trog's Hand, Burn Spellbooks, Renounce Religion


You were on level 12 of the Dungeon.
You worshipped Trog.
Trog was most pleased with you.
You were not hungry.

You visited 1 branch of the dungeon, and saw 10 of its levels.

You collected 204 gold pieces.

Inventory:

Hand Weapons
 a - a +0 hand axe (weapon)
Armour
 i - a +0 chain mail (worn)
 o - a +0 animal skin
 r - a +0 helmet (worn)
 z - a +1 cloak (worn)
Jewellery
 m - an amulet of the gourmand (around neck)
Wands
 n - a wand of frost (34)
 q - a wand of polymorph (6)
 t - a wand of slowing (22)
 w - a wand of random effects (31)
 y - a wand of digging (14)
Scrolls
 e - a scroll of fog {unknown}
 f - a scroll of recharging {unknown}
 g - 2 scrolls of noise
 h - 3 scrolls of identify
 k - 2 scrolls of remove curse
 p - a scroll of enchant armour
 C - 2 scrolls of enchant weapon {unknown}
Potions
 d - a potion of flight
 s - a potion of might
 u - a potion of poison
 v - 2 potions of brilliance
Comestibles
 c - 7 bread rations
 j - 3 meat rations


   Skills:
 + Level 7.1 Fighting
 * Level 10.5 Axes
 + Level 5.6 Armour
 - Level 1.5 Dodging


You had 7 spell levels left.
You didn't know any spells.

Dungeon Overview and Level Annotations

Branches:
Dungeon (12/15)
 Temple: D:4-7         Lair: D:8-11         Orc: D:9-12

Altars:
Elyvilon
Fedhas
Makhleb
Xom
Zin

Annotations:
D:11 Josephine


Message History

It was a potion of curing.
You feel better. The brown ugly thing gores you!
You are splashed with acid!
The acid burns!
* * * LOW HITPOINT WARNING * * *
Drink which item? (? for menu, Esc to quit)
It was a potion of flight.
You feel very buoyant.
You fly up into the air.
The brown ugly thing gores you!
* * * LOW HITPOINT WARNING * * *
You are splashed with acid!
The acid burns!
* * * LOW HITPOINT WARNING * * *
Unknown command.
Drink which item? (? for menu, Esc to quit)
It was a potion of resistance.
You feel protected.
The brown ugly thing gores you but does no damage.
Drink which item? (? for menu, Esc to quit)
It was a potion of invisibility.
You fade into invisibility!
The brown ugly thing gores you.
You die...

#....# #....# ####
### ####...[#
#..#++#).# ........#
#(#...(#)#
........####......#
.......<...+......+
.........^.+......+
..........##......##
...###...##)#.@..#.#
.. #...##..#u'#).# .
###.#####..#### #.#
.(.. #.# ##### #..
#.. #... #...


You could see a brown ugly thing.

Vanquished Creatures
  2 slime creatures (D:12)
  A spriggan (D:8)
  A hippogriff (D:12)
  An orc warrior (D:10)
  An ogre (D:10)
  A scorpion (D:8)
  2 hounds
  A wasp zombie (D:8)
  2 orc priests
  A centaur skeleton (D:12)
  6 orc wizards
  Terence (D:2)
  A hound zombie (D:3)
  Robin (D:3)
  5 adders
  A shadow imp (D:8)
  2 oozes
  A worm (D:4)
  2 giant geckos
  8 orcs
  19 goblins
  7 hobgoblins
  7 kobolds
  A ball python (D:4)
  3 bats
  A giant cockroach (D:4)
  3 giant newts
  3 jackals (D:3)
  2 quokkas
  2 rats
89 creatures vanquished.

Notes
Turn   | Place    | Note
--------------------------------------------------------------
     0 | D:1      | 4thArraOfDagon the Hill Orc Berserker began the quest for the Orb.
     0 | D:1      | Reached XP level 1. HP: 19/19 MP: 1/1
   172 | D:2      | Reached XP level 2. HP: 20/27 MP: 2/2
   189 | D:1      | Reached XP level 3. HP: 13/33 MP: 3/3
   228 | D:1      | Reached skill level 5 in Axes
   345 | D:2      | Reached ** piety under Trog
   382 | D:2      | You fall through a shaft!
   428 | D:3      | Noticed Robin
   436 | D:3      | Reached XP level 4. HP: 32/40 MP: 4/4
   442 | D:3      | Killed Robin
   556 | D:2      | Noticed Terence
   566 | D:2      | Killed Terence
   566 | D:2      | Reached skill level 6 in Axes
   610 | D:3      | Found a white marble altar of Elyvilon.
   708 | D:3      | Reached XP level 5. HP: 30/47 MP: 5/5
   764 | D:3      | Found a blossoming altar of Fedhas.
   880 | D:4      | Reached *** piety under Trog
  1009 | D:5      | Entered Level 5 of the Dungeon
  1051 | D:5      | You fall through a shaft for 3 floors!
  1060 | D:8      | Found a burning altar of Makhleb.
  1069 | D:8      | Reached XP level 6. HP: 53/55 MP: 6/6
  1094 | D:8      | Noticed a spriggan baker
  1104 | D:8      | Killed a spriggan baker
  1104 | D:8      | Reached skill level 5 in Fighting
  1104 | D:8      | Reached skill level 7 in Axes
  1154 | D:8      | Found a shimmering altar of Xom.
  1156 | D:8      | Noticed an angel
  1158 | D:8      | Found a glowing silver altar of Zin.
  1175 | D:8      | Reached XP level 7. HP: 49/61 MP: 7/7
  1176 | D:8      | Reached skill level 8 in Axes
  1263 | D:10     | Entered Level 10 of the Dungeon
  1348 | D:10     | Reached skill level 9 in Axes
  1354 | D:10     | Reached XP level 8. HP: 52/70 MP: 8/8
  1391 | D:11     | Noticed Josephine
  1414 | D:12     | Noticed a slime creature
  1416 | D:12     | Noticed a slime creature
  1423 | D:12     | Reached skill level 5 in Armour
  1431 | D:12     | Killed a slime creature
  1431 | D:12     | Reached skill level 10 in Axes
  1433 | D:12     | Killed a slime creature
  1463 | D:12     | Noticed a brown ugly thing
  1468 | D:12     | HP: 2/73 [acid (6)]
  1470 | D:12     | Slain by a brown ugly thing

Vault maps used:
D:1:      evilmike_arrival_hilbert_curve
D:2:      first_bread, nemelex_dance_club_becter, uniq_terence
D:3:      kennysheep_goblin_castle, fedhas_altar_3,
          lemuel_zombie_altar_kikubaaqudgha, elyvilon_altar_3,
          gup_sewer_entry_pipe
D:4:      corexii_shack_village, vehumet_altar_wand_db, okawaru_gym_becter
D:5:      minivault_4, uniq_menkaure
D:8:      nicolae_overflow_crystal_walls,
          grunt_temple_overflow_order_and_chaos_1, the_bakery, uniq_joseph
D:9:      special_room
D:10:     erik_rubicon_b
D:11:     minmay_lair_entry_lava, serial_shops, shop, david_defended_altar_elf,
          uniq_josephine, uniq_nergalle
D:12:     kennysheep_orc_monster_closet_entryway, lightli_fourway_metalbox

Action                   |  1- 3 |  4- 6 |  7- 9 || total
-------------------------+-------+-------+-------++-------
Melee: Hand axe          |    77 |   169 |    59 ||   305
Throw: Throwing net      |       |     1 |     2 ||     3
Invok: Berserk           |     3 |     5 |     2 ||    10
       Trog's Hand       |     1 |     2 |     5 ||     8
Evoke: Wand              |       |     1 |       ||     1
  Use: Potion            |       |     7 |     6 ||    13
       Scroll            |       |       |     3 ||     3
 Stab: Paralysed         |       |     6 |       ||     6
  Eat: Chunk             |     2 |     7 |     4 ||    13
       Beef jerky        |       |       |     1 ||     1
